 Dungeon Crawl Stone Soup version 0.31.0-32-g396128a36d (webtiles) character file.

Game seed: 11939046338449619009

8240 monsoonserge the Grappler (level 11, -4/67 HPs)
             Began as an Octopode Shapeshifter on Apr 7, 2024.
             Was an Initiate of Gozag.
             Shot with a bolt by a yaktaur (26 damage)
             ... on level 11 of the Dungeon.
             The game lasted 00:42:14 (11856 turns).

monsoonserge the Grappler (Octopode Shapeshifter)  Turns: 11856, Time: 00:42:15

Health: -4/67      AC:  1    Str: 21    XL:     11   Next: 27%
Magic:  23/23      EV: 19    Int: 13    God:    Gozag
Gold:   876        SH:  0    Dex: 17    Spells: 10/14 levels left

rFire   . .          .
                       - Unarmed
rCold   + . .        (shield currently unavailable)
rNeg    . . .        (helmet restricted)
rPois   .            (no amulet)
rElec   .            o - ring of resist corrosion
rCorr   +            p - ring of protection from cold
SInv    .            L - ring of the Ego {Str+3 Dex+6}
Will    .....        P - ring of magical power
Stlth   ++           (no ring)
HPRegen 0.31/turn    (no ring)
MPRegen 0.18/turn    (no ring)
                     (no ring)

%: no passive effects
@: flux-form, glowing
A: glow, contaminating, almost no armour, amphibious, 8 rings, camouflage 1,
gelatinous body 1, (nimble swimmer 1), tentacles
a: Begin Untransformation, Renounce Religion, Potion Petition, Call Merchant,
Bribe Branch


You were on level 11 of the Dungeon.
You worshipped Gozag.
Gozag was pleased with you.
You were something dangerously unstable.
You visited 2 branches of the dungeon, and saw 12 of its levels.

You collected 2150 gold pieces.
You spent 332 gold pieces at shops.
You paid 942 gold pieces to Gozag.

Inventory:

Missiles
 b - 3 throwing nets
 d - 21 poisoned darts
 u - 6 curare-tipped darts
 x - 15 boomerangs
Armour
 F - a +0 kite shield
Magical Staves
 l - a staff of fire
Jewellery
 k - a ring of ice
 o - a ring of resist corrosion (left tentacle)
 p - a ring of protection from cold (right tentacle)
 J - a ring of ice
 L - the ring of the Ego (on tentacle) {Str+3 Dex+6}
   (You bought it in a shop on level 8 of the Dungeon)

   [ring of dexterity]

   Str+3:     It affects your strength (+3).
   Dex+6:     It affects your dexterity (+6).
 P - a ring of magical power (on tentacle)
Talismans
 c - a flux talisman (active)
 C - a maw talisman
Wands
 A - a wand of roots (8)
 I - a wand of paralysis (1)
 K - a wand of mindburst (7) (quivered)
 M - a wand of quicksilver (3)
 O - a wand of polymorph (6)
Scrolls
 e - a scroll of torment {unknown}
 f - 2 scrolls of silence
 h - 5 scrolls of teleportation
 j - 3 scrolls of noise {unknown}
 m - a scroll of butterflies {unknown}
 n - 2 scrolls of fog
 q - 2 scrolls of poison
 s - 2 scrolls of fear
 w - 5 scrolls of enchant armour {unknown}
 y - 4 scrolls of revelation
 D - a scroll of acquirement {unknown}
 G - a scroll of immolation {unknown}
 H - 2 scrolls of blinking
Potions
 a - 5 potions of lignification
 g - 3 potions of attraction
 i - 4 potions of resistance {unknown}
 r - 2 potions of ambrosia {unknown}
 t - 4 potions of curing
 v - a potion of brilliance {unknown}
 z - a potion of degeneration {unknown}
 B - a potion of heal wounds {unknown}
 E - 2 potions of enlightenment {unknown}
 N - a potion of haste {unknown}


   Skills:
 + Level 3.0 Fighting
 + Level 1.0 Throwing
 + Level 4.8 Dodging
 + Level 4.9 Stealth
 + Level 12.1 Unarmed Combat
 - Level 2.0 Spellcasting
 - Level 3.0 Translocations
 * Level 2.4 Evocations
 + Level 9.4 Shapeshifting


You had 10 spell levels left.
You knew the following spells:

 Your Spells              Type           Power      Damage    Failure   Level
a - Blink                 Tloc           18%        N/A       11%         2
b - Lesser Beckoning      Tloc           18%        N/A       11%         2

Your spell library contained the following spells:

 Spells                   Type           Power      Damage    Failure   Level
 Apportation              Tloc           18%        N/A       8%          1
 Momentum Strike          Conj/Tloc      10%        3d8       21%         2
 Necrotise                Necr           4%         1d4       26%         1
 Sting                    Conj/Alch      4%         1d3       26%         1
 Summon Small Mammal      Summ           4%         N/A       26%         1
 Mercury Vapours          Alch/Air       2%         N/A       36%         2
 Tukima's Dance           Hex            1%         N/A       58%         3
 Passage of Golubria      Tloc           9%         N/A       58%         4
 Dimensional Bullseye     Hex/Tloc       2%         N/A       80%         4
 Iskenderun's Mystic Bla  Conj/Tloc      5%         2d3       80%         4
 Olgreb's Toxic Radiance  Alch           1%         N/A       94%         4
 Yara's Violent Unravell  Hex/Alch       0%         3d3       100%        5


Dungeon Overview and Level Annotations

Branches:
Dungeon (11/15)            Temple (1/1) D:4             Orc (0/2) D:11
   Lair: D:8-11

Altars:
Ashenzari
Cheibriados
Dithmenos
Elyvilon
Fedhas
Gozag
Hepliaklqana
Kikubaaqudgha
Makhleb
Nemelex Xobeh
Okawaru
Qazlal
Ru
Sif Muna
Trog
Uskayaw
Vehumet
Wu Jian
Xom
Yredelemnul
Zin
The Shining One

Shops:
D:8 *

Annotations:
D:10 Josephine
Temple 2 transporters


Innate Abilities, Weirdness & Mutations

You are something dangerously unstable.
You glow with magical radiation, making you easy to see and hit.
Foes you strike become dangerously contaminated with magical radiation.
You are incapable of wielding weapons or throwing items.
You cannot wear most types of armour.
You are amphibious.
You can wear up to eight rings at the same time.
Your skin changes colour to match your surroundings (Stealth+).
Your rubbery body absorbs attacks. (AC +1, EV +1)
((You are camouflaged when in or above water. (Stealth+)))
You have tentacles for arms and can constrict up to eight enemies at once.


Message History

You kill the yak!
You bludgeon the yak!
The yak begins to glow.
The yak is moderately wounded.
The yak gores you.
You bludgeon the yak!
The yak glows dangerously bright.
The yak is heavily wounded.
You tentacle-slap the yak.
The yak shudders as magic cascades through it!
The yak twists and deforms.
The yak is almost dead.
The yak is distracted by your dazzling golden aura.
You catch the helpless yak completely off-guard!
You bludgeon the yak!
You kill the yak!
Your Fighting skill increases to level 3!
You now have 822 gold pieces (gained 59).
You start resting.
HP restored.
Found a quarterstaff.
Found a staircase to the Orcish Mines.
Found 22 gold pieces.
You now have 838 gold pieces (gained 16).
j - 3 scrolls labelled LIBRYI LAKAKO
There are no items here.
You now have 860 gold pieces (gained 22).
There are no items here.
You now have 876 gold pieces (gained 16).
There are no items here.
Found a stone staircase leading up.
The yaktaur shouts!
The yaktaur wields a +0 arbalest.
The yaktaur shoots a bolt.
The bolt hits you!
The yaktaur wields a +0 arbalest.
The yaktaur shoots a bolt.
The bolt barely misses you.
The yaktaur shoots a bolt.
The bolt barely misses you.
You hear a shout!
There is a stone staircase leading up here.
The yaktaur shoots a bolt.
The bolt hits you!!
The yaktaur shoots a bolt.
The bolt hits you!!
You die...
Your body crumbles into a pile of gold.

..#........# #..#......#....#...
..#........#.#...##.....#..#...#.
................>#...............
...................##........#.#.
................... ##.#..#......
.................. c..##.##.....
.................##.# #h....####
#...................#c##......#..
##..........#..#p................
#...........#......#.............
......>.....#......##............
.............................###.
#...........................####.
..#..........###..............##.
#.#........#...##........#.......
...........##...........##.......
........#######........###.......


You could see 2 yaktaurs.

Vanquished Creatures
  A boulder beetle (D:9)
  A two-headed ogre (D:9)
  An unseen horror (D:11)
  A yaktaur (D:11)
  A troll (D:9)
  Sigmund (D:2)
  A shadow (D:11)
  12 yaks
  A wraith (D:11)
  Eustachio (D:6)
  3 wyverns
  2 acid dragons (D:11)
  A water moccasin (D:6)
  A black bear (D:7)
  4 orc warriors
  2 ice beasts
  2 ogres (D:7)
  3 centaurs
  A phantom (D:5)
  2 kobold brigands
  A bullfrog (D:9)
  2 gnoll sergeants (D:7)
  2 scorpions
  A wight (D:9)
  4 killer bees
  4 howler monkeys
  An electric eel (D:10)
  A bombardier beetle (D:4)
  4 jellies
  5 hounds
  4 orc priests
  Crazy Yiuf (D:6)
  3 gnoll boudas (D:7)
  An iguana (D:5)
  2 sleepcaps
  9 orc wizards
  16 gnolls
  11 adders
  5 ufetubi
  2 ribbon worms
  A dart slug (D:3)
  38 orcs
  7 endoplasms
  4 giant cockroaches
  2 goblins (D:1)
  15 hobgoblins
  6 jackals
  5 quokkas
  6 ball pythons
  11 bats
  7 frilled lizards
  A goblin skeleton (D:8)
  17 kobolds
  4 rats
245 creatures vanquished.

Notes
Turn   | Place    | Note
-------+----------+-------------------------------------------
     0 | D:1      | monsoonserge the Octopode Shapeshifter began the quest for
                  | the Orb.
     0 | D:1      | Reached XP level 1. HP: 13/13 MP: 1/1
    94 | D:1      | Reached XP level 2. HP: 15/18 MP: 2/2
   151 | D:1      | Found a faded altar of an unknown god.
   666 | D:1      | Reached XP level 3. HP: 23/23 MP: 3/3
   888 | D:2      | Reached skill level 1 in Stealth
  1038 | D:2      | Reached skill level 4 in Unarmed Combat
  1038 | D:2      | Reached XP level 4. HP: 27/28 MP: 4/4
  1503 | D:2      | Noticed Sigmund
  1618 | D:3      | Reached XP level 5. HP: 33/33 MP: 5/5
  1652 | D:3      | Found a shadowy altar of Dithmenos.
  1866 | D:3      | Reached skill level 5 in Unarmed Combat
  2411 | D:4      | Found a staircase to the Ecumenical Temple.
  2420 | Temple   | Found a transporter.
  2420 | Temple   | Found a transporter.
  2420 | Temple   | Found a transporter.
  2420 | Temple   | Found a transporter.
  2420 | Temple   | Entered the Ecumenical Temple
  2437 | Temple   | Became a worshipper of Gozag Ym Sagoz the Greedy
  2493 | D:4      | Reached XP level 6. HP: 28/38 MP: 6/6
  2762 | D:4      | Reached skill level 6 in Unarmed Combat
  2914 | D:4      | Found a bloodstained altar of Trog.
  2914 | D:4      | Noticed a wyvern
  2919 | D:4      | Killed a wyvern
  2920 | D:4      | Reached XP level 7. HP: 4/43 MP: 7/7
  3071 | D:4      | Found a radiant altar of Vehumet.
  3152 | D:4      | Reached skill level 7 in Unarmed Combat
  3297 | D:4      | Learned a level 2 spell: Blink
  3548 | D:5      | Entered Level 5 of the Dungeon
  3983 | D:5      | Reached skill level 8 in Unarmed Combat
  3983 | D:5      | Reached skill level 1 in Spellcasting
  3983 | D:5      | Reached skill level 1 in Translocations
  4229 | D:5      | Reached XP level 8. HP: 44/48 MP: 9/9
  4915 | D:2      | Killed Sigmund
  5090 | D:6      | Reached skill level 9 in Unarmed Combat
  5499 | D:6      | Found a glowing golden altar of the Shining One.
  5550 | D:6      | Reached skill level 1 in Throwing
  5633 | D:7      | Learned a level 2 spell: Lesser Beckoning
  5633 | D:7      | Noticed a wyvern
  5642 | D:7      | Killed a wyvern
  5643 | D:7      | Reached skill level 5 in Shapeshifting
  5763 | D:6      | Identified the +9 dagger of Armageddon {heavy, Int+2}
  5784 | D:6      | Found a runed translucent door.
  5785 | D:6      | Noticed Crazy Yiuf
  5902 | D:6      | Noticed Eustachio
  5912 | D:6      | Killed Eustachio
  5913 | D:6      | Reached XP level 9. HP: 34/53 MP: 10/10
  6405 | D:7      | Found a shimmering blue altar of Sif Muna.
  6405 | D:7      | Found a hazy altar of Hepliaklqana.
  6407 | D:7      | Found a sacrificial altar of Ru.
  6499 | D:6      | Killed Crazy Yiuf
  8003 | D:8      | Found a stormy altar of Qazlal.
  8641 | D:8      | Reached skill level 10 in Unarmed Combat
  8809 | D:8      | Found a runed translucent door.
  8813 | D:8      | Found a basalt altar of Yredelemnul.
  9040 | D:9      | Noticed a two-headed ogre
  9158 | D:8      | Bought a scroll labelled IGHUTO URONYON for 26 gold pieces
  9158 | D:8      | Bought a pink potion for 23 gold pieces
  9158 | D:8      | Bought a pink potion for 23 gold pieces
  9158 | D:8      | Bought a scroll labelled NAUGAG DYIPO for 26 gold pieces
  9158 | D:8      | Bought a silver wand for 104 gold pieces
  9158 | D:8      | Bought a wavering golden ring for 130 gold pieces
  9158 | D:8      | Identified the ring of the Ego {Str+3 Dex+6} (You bought it
                  | in a shop on level 8 of the Dungeon)
  9183 | D:9      | Reached XP level 10. HP: 49/60 MP: 11/11
 10079 | D:9      | Noticed a boulder beetle
 10110 | D:9      | Killed a boulder beetle
 10111 | D:9      | Reached skill level 11 in Unarmed Combat
 10220 | D:9      | Killed a two-headed ogre
 10221 | D:9      | Reached skill level 1 in Evocations
 10549 | D:10     | Entered Level 10 of the Dungeon
 10800 | D:10     | Noticed Josephine
 10906 | D:10     | Noticed an arcanist
 10971 | D:11     | Reached XP level 11. HP: 52/65 MP: 14/14
 11315 | D:11     | Found a radiant altar of Vehumet.
 11618 | D:11     | Reached skill level 12 in Unarmed Combat
 11823 | D:11     | Found a staircase to the Orcish Mines.
 11856 | D:11     | Shot with a bolt by a yaktaur

Illustrated notes

Levels and vault maps discovered:
D:1:      scummos_arrival_checkerplants, layout_basic,
          chequers_ecumenical_altar_island
D:2:      layout_basic, uniq_sigmund
D:3:      layout_loops_ring, grunt_dithmenos_smoke
D:4:      layout_loops_ring, mainiacjoe_overflow_big_doors,
          minmay_temple_entry_glassed_door, mrwooster_statue_mirror
D:5:      layout_gridville
D:6:      layout_cave_pools, mainiacjoe_overflow_paths, uniq_eustachio,
          uniq_crazy_yiuf_cottage
D:7:      kennysheep_housing_project, layout_rooms,
          nicolae_overflow_hidden_temple
D:8:      layout_cave_pods, dk_yredelemnul_ordeal,
          nicolae_qazlal_scattered_showers, dk_noncrumbling_3, dk_vineyard_2,
          minivault_11, grunt_decor_arrowhead, kennysheep_generic_room_14
D:9:      layout_long_grid, chequers_serial_rivers_room_a, minmay_puff
D:10:     layout_cave_pods, grunt_lair_entry_orc_guard_hut, serial_park,
          serial_park_square1 [serial_park_minivault_5x5_2], serial_park_square1
          [serial_park_minivault_5x5_2], serial_park_tiny_pond,
          serial_park_tiny_1, minivault_4, uniq_nergalle, uniq_josephine
D:11:     layout_cave_pools, orc_david_3, nicolae_vehumet_radiance
Temple:   hellmonk_temple_divided_pantheon

Skill      XL: |  1  2  3  4  5  6  7  8  9 10 11 |
---------------+----------------------------------+-----
Stealth        | 1 2 4 |  4.9
Unarmed Combat | 4 5 6 8 9 10 11 12 | 12.1
Dodging        | 3 4 |  4.8
Shapeshifting  | 4 6 8 9 |  9.4
Spellcasting   | 1 2 |  2.0
Translocations | 1 3 |  3.0
Throwing       | 1 |  1.0
Fighting       | 2 3 |  3.0
Evocations     | 2 |  2.4

Action                     |  1- 3 |  4- 6 |  7- 9 | 10-12 || total
---------------------------+-------+-------+-------+-------++-------
  Melee: Unarmed           |    71 |   104 |   305 |   144 ||   624
         Tentacles         |    16 |    18 |    74 |    43 ||   151
         Constrict         |    21 |    27 |    78 |    15 ||   141
         Punch             |       |     6 |     7 |       ||    13
  Throw: Boomerang         |       |       |     7 |       ||     7
         Dart              |       |       |     8 |       ||     8
   Cast: Blink             |       |       |     1 |     1 ||     2
 Invoke: Potion Petition   |       |       |     1 |       ||     1
         Call Merchant     |       |       |     1 |       ||     1
  Evoke: Wand              |       |       |       |     8 ||     8
    Use: Scroll            |       |       |     2 |     9 ||    11
   Stab: Sleeping          |     5 |    10 |       |       ||    15
         Paralysed         |       |       |       |     3 ||     3
         Distracted        |       |       |       |     1 ||     1
 Armour: Skin              |    33 |    45 |   136 |    52 ||   266
  Dodge: Dodged            |    53 |    40 |   211 |    84 ||   388
   Form: Flux              |       |       |     1 |       ||     1
